 Seeded DCSS version 0.31-a0-986-g5e6e4ef867 (webtiles) character file.

Game seed: 13278595976536889194 (custom seed)

102473 timneilson the Tortoise (level 16, -2/101 HPs)
             Began as a Gargoyle Fighter on Nov 11, 2023.
             Was an Initiate of Gozag.
             Slain by a sphinx (12 damage)
             ... summoned by Kirke
             ... on level 15 of the Dungeon.
             The game lasted 01:19:26 (25769 turns).

timneilson the Tortoise (Gargoyle Fighter)         Turns: 25769, Time: 01:19:27

Health: -2/101     AC:  0    Str: 21    XL:     16   Next: 33%
Magic:  16/16      EV: 18    Int: 10    God:    Gozag
Gold:   2305       SH:  0    Dex: 15    Spells: 15/15 levels left

rFire   . . .        J - melded +4 scimitar (flame)
rCold   . . .        O - melded +0 kite shield {reflect}
rNeg    + . .        j - melded +2 gold dragon scales
rPois   ∞            (helmet currently unavailable)
rElec   .            G - melded +0 cloak "Utaraur" {rElec Str+3 Int+2}
rCorr   .            m - melded +0 pair of gloves
SInv    .            F - melded +2 pair of boots {Fly}
Will    +....        N - amulet of regeneration
Stlth   +            p - melded +6 ring of dexterity
HPRegen 1.16/turn    i - melded ring of protection from fire
MPRegen 0.15/turn

%: no passive effects
@: confused, pig-form, spiked, slowed, studying Ice Magic
A: fast, no casting, sickness immunity, AC +12, small, (big wings), negative
energy resistance 1, (electricity resistance), torment resistance 1,
petrification resistance
a: Renounce Religion, Potion Petition, Call Merchant, Bribe Branch


You were on level 15 of the Dungeon.
You worshipped Gozag.
Gozag was most pleased with you.
You were a filthy swine.
You visited 4 branches of the dungeon, and saw 23 of its levels.
You also visited: Sewer, Ice Cave and Volcano.

You collected 9076 gold pieces.
You spent 1972 gold pieces at shops.
You paid 4799 gold pieces to Gozag.

Inventory:

Hand Weapons
 J - a +4 scimitar of flaming (melded)
 K - a +2 scimitar of flaming
Armour
 j - +2 gold dragon scales (melded)
 m - a +0 pair of gloves (melded)
 x - a +0 tower shield of cold resistance
 F - a +2 pair of boots of flying (melded)
 G - the +0 cloak "Utaraur" (melded) {rElec Str+3 Int+2}
   (You bought it in a shop on level 11 of the Dungeon)

   Str+3:     It affects your strength (+3).
   Int+2:     It affects your intelligence (+2).
   rElec:     It insulates you from electricity.
 O - a +0 kite shield of reflection (melded)
Jewellery
 a - a ring of resist corrosion
 i - a ring of protection from fire (melded)
 p - a +6 ring of dexterity (melded)
 N - an amulet of regeneration (around neck)
 Q - a +6 ring of intelligence
Wands
 f - a wand of mindburst (7)
 u - a wand of digging (4)
 w - a wand of charming (16)
 B - a wand of flame (21)
 D - a wand of roots (1)
Scrolls
 b - 2 scrolls of immolation
 e - 6 scrolls of identify
 g - 2 scrolls of fog
 k - 4 scrolls of blinking
 n - 3 scrolls of silence
 s - 3 scrolls of vulnerability
 v - 12 scrolls of teleportation
 y - 4 scrolls of enchant weapon
 C - 4 scrolls of amnesia
 H - 4 scrolls of poison
Potions
 c - a potion of haste
 d - 6 potions of brilliance
 h - a potion of lignification
 l - 8 potions of curing
 q - 2 potions of invisibility
 r - 6 potions of magic
 t - 4 potions of might
 z - 4 potions of mutation
 A - 5 potions of attraction
 E - 2 potions of heal wounds
 I - 2 potions of enlightenment
 L - a potion of cancellation
 M - 2 potions of ambrosia
 P - a potion of resistance


   Skills:
 + Level 11.6 Fighting
 * Level 12.8 Long Blades
 * Level 15.3 Armour
 + Level 8.2 Dodging
 * Level 15.3 Shields
 + Level 8.9 Evocations


You had 15 spell levels left.
You didn't know any spells.
Your spell library contained the following spells:

 Spells                   Type           Power      Damage    Failure   Level
 Sandblast                Erth           0%         2d4       36%         1
 Sting                    Tmut/Pois      0%         1d3       36%         1
 Passwall                 Tmut/Erth      0%         N/A       50%         2
 Poisonous Vapours        Pois/Air       0%         N/A       50%         2
 Dazzling Flash           Conj/Hex       0%         N/A       75%         3
 Stone Arrow              Conj/Erth      0%         3d7       75%         3
 Volatile Blastmotes      Fire/Tloc      0%         2d10      75%         3
 Animate Armour           Summ/Erth      0%         N/A       98%         4
 Brom's Barrelling Bould  Conj/Erth      0%         2d3       98%         4
 Fulminant Prism          Conj/Hex       0%         3d5       98%         4
 Iskenderun's Mystic Bla  Conj/Tloc      0%         2d3       98%         4
 Olgreb's Toxic Radiance  Pois           0%         N/A       98%         4
 Petrify                  Tmut/Erth      0%         N/A       98%         4
 Summon Lightning Spire   Summ/Air       0%         N/A       98%         4
 Irradiate                Conj/Tmut      0%         3d11      100%        5
 Lee's Rapid Deconstruct  Erth           0%         3d4*      100%        5
 Summon Forest            Summ/Tloc      0%         N/A       100%        5
 Conjure Ball Lightning   Conj/Air       0%         3x3d6     100%        6
 Eringya's Noxious Bog    Tmut/Pois      0%         4d6       100%        6
 Starburst                Conj/Fire      0%         6d3       100%        6
 Haunt                    Necr/Summ      0%         N/A       100%        7
 Summon Hydra             Summ           0%         N/A       100%        7
 Borgnjor's Revivificati  Necr           0%         N/A       100%        8
 Discord                  Hex            0%         N/A       100%        8
 Disjunction              Tloc           0%         N/A       100%        8
 Maxwell's Capacitive Co  Air            0%         ∞         100%        8
 Death's Door             Necr           0%         N/A       100%        9
 Sublimation of Blood     Necr           Unusable   N/A       N/A         2

Dungeon Overview and Level Annotations

Branches:
Dungeon (15/15)            Temple (1/1) D:4            Lair (5/5) D:11
  Swamp (0/4) Lair:3        Snake (0/4) Lair:3        Slime (0/5) Lair:5
    Orc (2/2) D:12            Elf (0/3) Orc:2        Vaults (0/5) D:14
  Sewer (visited)           IceCv (visited)         Volcano (visited)
 Depths: D:15

Altars:
Ashenzari
Cheibriados
Dithmenos
Elyvilon
Fedhas
Gozag
Hepliaklqana
Kikubaaqudgha
Makhleb
Nemelex Xobeh
Okawaru
Qazlal
Ru
Sif Muna
Trog
Uskayaw
Vehumet
Wu Jian
Xom
Yredelemnul
Zin
The Shining One
Jiyva

Shops:
D:8 :(   D:9 (   D:11 [   D:13 =   Orc:1 =   Orc:2 !!*!:   Lair:2 (

Portals:
Abyss: Orc:1

Annotations:
D:15 Kirke
Lair:5 2 runed translucent doors
Orc:1 2 transporters, p00ps00p's ghost, journeyman HOFi


Innate Abilities, Weirdness & Mutations

You are a filthy swine.
You move quickly.
Your equipment is almost entirely melded.
You are incapable of wielding weapons or throwing items.
You cannot cast spells.
You are immune to sickness and miasma.
((Your stone body is resilient. (AC +12)))
You are immune to poison.
((Your large and strong wings let you fly.))
You resist negative energy. (rN+)
((You are resistant to electric shocks. (rElec)))
You are resistant to unholy torment.
You are immune to petrification.


Message History

Your +4 scimitar of flaming stops flaming.
You feel clumsy. The sphinx closely misses you. The sphinx hits you. x2
The sphinx hits you! The sphinx hits you. The sphinx completely misses you.
The sphinx mumbles some strange words.
Something smites you!
Kirke points at you and mumbles some strange words.
You struggle to resist.
Kirke attacks as she pursues you! Kirke closely misses you.
Kirke attacks as she pursues you! Kirke hits you!!
Kirke attacks as she pursues you! Kirke hits you.
There is an open door here.
The hog is no longer blind.
Kirke casts a spell.
Kirke summons a manticore!
The sphinx casts a spell.
You are confused.
The sphinx casts a spell.
Something smites you!
The manticore flicks its tail.
The volley of spikes hits you!!
The barbed spikes become lodged in your body.
Okay, then.
You are too confused!
The barbed spikes dig painfully into your body as you move.
* * * LOW HITPOINT WARNING * * *
Kirke casts a spell at you.
You struggle to resist.
The barbed spikes dig painfully into your body as you move.
* * * LOW HITPOINT WARNING * * *
The barbed spikes dig painfully into your body as you move.
* * * LOW HITPOINT WARNING * * *
The hog attacks as it pursues you! The hog misses you. The sphinx hits you!
* * * LOW HITPOINT WARNING * * *
The sphinx misses you. The sphinx closely misses you.
The sphinx mumbles some strange words.
You feel as though you will be slow longer.
You bump into the rock wall.
The sphinx misses you. The sphinx hits you!
You die...
Your body crumbles into a pile of gold.

...)............
...)##.........#
#######'###....#########
....##...##.....#......#
..<..#..........#.....# ..
.....#..........'.....##.......#
.....#.........##.....##.......'
...###...##....##.....##.......#
######...##....#h@h............#
..........#....#HH.............#
..........'....#.H....##.......#
..........#....#......##.......#
...##....##....#...............#
###########....##.....##.......#
#.....######'##.......#
#......#..[..##.......#
#......#.....######+####


You could see Kirke, a sphinx (summoned), 2 manticores and a hog.

Vanquished Creatures
  Nessos (Orc:1)
  Azrael (D:14)
  An ettin (Orc:2)
  Snorg (D:14)
  A fire dragon (Volcano)
  4 vault guards (D:14)
  10 hydras
  A rakshasa (D:14)
  4 boulder beetles
  2 ironbound frosthearts (IceCv)
  A death knight (D:14)
  Erica (Lair:2)
  4 centaur warriors
  4 two-headed ogres
  3 tengu warriors (D:14)
  4 death yaks (IceCv)
  3 orc high priests (Orc:2)
  Sonja (D:10)
  7 skeletal warriors
  Pikel (D:5)
  An arcanist (D:14)
  A deep elf pyromancer (D:12)
  3 orc knights (Orc:2)
  A lindwurm (Lair:5)
  4 orc sorcerers (Orc:2)
  14 ugly things
  3 manticores
  A cyclops (D:14)
  11 elephants
  9 black mambas
  Maurice (D:10)
  Joseph (D:10)
  A torpor snail (Lair:3)
  An ice statue (IceCv)
  3 molten gargoyles (Lair:5)
  Maggie (D:6)
  12 cane toads
  An unseen horror (D:11)
  A rime drake (shapeshifter) (D:13)
  A gargoyle (D:11)
  5 rime drakes
  Jeremiah (D:6)
  A yaktaur (D:15)
  11 komodo dragons
  3 trolls
  15 polar bears
  A hornet (D:10)
  12 dream sheep
  6 blink frogs
  7 slime creatures
  A shadow (D:11)
  70 yaks
  3 wraiths
  Eustachio (D:5)
  2 hogs (D:15)
  10 wyverns
  6 fire bats (Volcano)
  8 steam dragons
  3 fire elementals (D:14)
  7 vampire mosquitoes
  8 basilisks
  A death yak simulacrum (Orc:1)
  2 swamp worms (Lair:3)
  Edmund (D:4)
  2 nagas (Lair:3)
  13 water moccasins
  3 wargs
  8 hell hounds
  3 acid dragons
  Duvessa (D:6)
  3 sky beasts
  5 black bears
  25 orc warriors
  4 ogres
  4 boggarts (D:14)
  26 wolves
  16 centaurs
  A phantom (D:5)
  7 kobold brigands
  Blork the orc (D:6)
  12 bullfrogs
  A gnoll sergeant (D:13)
  2 scorpions
  2 two-headed ogre simulacra (Orc:1)
  Dowan (D:6)
  A wight (D:7)
  7 killer bees
  4 howler monkeys
  4 electric eels
  5 lava snakes (Lair:5)
  2 hounds
  Crazy Yiuf (D:5)
  2 jellies
  20 orc priests
  2 gnoll boudas
  2 sleepcaps (D:7)
  7 hell rats
  25 orc wizards
  5 iguanas
  A troll simulacrum (Orc:1)
  3 spriggan simulacra (Orc:1)
  15 gnolls
  A naga simulacrum (Orc:1)
  9 adders
  2 river rats (Sewer)
  A shadow imp (D:6)
  4 white imps
  4 ufetubi
  A worm (D:3)
  2 dart slugs (D:3)
  65 orcs
  10 ball pythons
  7 endoplasms
  2 giant cockroaches
  2 goblins
  5 hobgoblins
  4 jackals (D:3)
  3 quokkas
  6 bats
  4 frilled lizards
  35 kobolds
  20 rats
744 creatures vanquished.

Vanquished Creatures (others)
  A hell hog (Volcano)
  An orc knight (Orc:2)
  A kobold demonologist (D:11)
  A boggart (D:14)
  4 spectral weapons
8 creatures vanquished.

Grand Total: 752 creatures vanquished

Notes
Turn   | Place    | Note
-------+----------+-------------------------------------------
     0 | D:1      | timneilson the Gargoyle Fighter began the quest for the
                  | Orb.
     0 | D:1      | Reached XP level 1. HP: 14/14 MP: 1/1
   239 | D:1      | Reached XP level 2. HP: 19/19 MP: 2/2
   472 | D:1      | You fall into a shaft and drop 1 floor!
   526 | D:2      | Reached XP level 3. HP: 22/23 MP: 3/3
   852 | D:1      | Found a faded altar of an unknown god.
  1615 | D:3      | Reached XP level 4. HP: 28/28 MP: 4/4
  1814 | D:3      | Found a sparkling altar of Nemelex Xobeh.
  1988 | D:4      | Noticed a black bear
  1995 | D:4      | Killed a black bear
  1996 | D:4      | Reached skill level 1 in Dodging
  1996 | D:4      | Reached XP level 5. HP: 16/33 MP: 5/5
  2071 | D:4      | Noticed Edmund
  2083 | D:4      | Killed Edmund
  2084 | D:4      | Reached skill level 1 in Evocations
  2084 | D:4      | Reached XP level 6. HP: 28/38 MP: 6/6
  2124 | D:4      | Found a basalt altar of Yredelemnul.
  2171 | D:4      | Found a white marble altar of Elyvilon.
  2479 | D:4      | Found a staircase to the Ecumenical Temple.
  2488 | Temple   | Entered the Ecumenical Temple
  2507 | Temple   | Became a worshipper of Gozag Ym Sagoz the Greedy
  2735 | D:5      | Entered Level 5 of the Dungeon
  2762 | D:5      | Found a shadowy altar of Dithmenos.
  2763 | D:5      | Found an ornate altar of the Wu Jian Council.
  2766 | D:5      | Found a stormy altar of Qazlal.
  2766 | D:5      | Found a glowing silver altar of Zin.
  2778 | D:5      | Reached skill level 5 in Shields
  2798 | D:5      | Found a glowing drain.
  2802 | Sewer    | Entered a sewer
  2847 | Sewer    | Reached XP level 7. HP: 43/43 MP: 7/7
  3015 | Sewer    | Reached skill level 5 in Armour
  3404 | D:5      | Found a shimmering blue altar of Sif Muna.
  3404 | D:5      | Found a radiant altar of Vehumet.
  3405 | D:5      | Found an ancient bone altar of Kikubaaqudgha.
  3533 | D:5      | Noticed Pikel
  3571 | D:5      | Killed Pikel
  3572 | D:5      | Reached XP level 8. HP: 34/48 MP: 8/8
  3713 | D:5      | Reached skill level 5 in Fighting
  3859 | D:5      | Found a runed translucent door.
  3860 | D:5      | Noticed Crazy Yiuf
  3868 | D:5      | Killed Crazy Yiuf
  4129 | D:5      | Noticed Eustachio
  4144 | D:5      | Killed Eustachio
  4359 | D:6      | Noticed Blork the orc
  4366 | D:6      | Killed Blork the orc
  4467 | D:6      | Reached XP level 9. HP: 45/54 MP: 9/9
  4542 | D:6      | Noticed Jeremiah
  4556 | D:6      | Killed Jeremiah
  4557 | D:6      | Reached skill level 5 in Long Blades
  4710 | D:6      | Noticed Maggie
  4739 | D:6      | Killed Maggie
  4943 | D:6      | Noticed Dowan
  4958 | D:6      | Killed Dowan
  4964 | D:6      | Noticed Duvessa
  4987 | D:6      | Killed Duvessa
  5706 | D:7      | Reached XP level 10. HP: 60/60 MP: 10/10
  6813 | D:8      | Found Guag's Book Shop.
  7465 | D:8      | Bought a warped falchion for 216 gold pieces
  7465 | D:8      | Identified the +5 falchion of Infinite Pain {spect, Fragile
                  | rC+++ Will++} (You bought it in a shop on level 8 of the
                  | Dungeon)
  7734 | D:9      | HP: 1/61 [acid dragon/splash of acid (22)]
  7991 | D:9      | Found Fuskiec's Antique Weapon Shop.
  8029 | D:9      | Found a hide-covered altar of Uskayaw.
  8067 | D:9      | Found a bloodstained altar of Trog.
  8441 | D:9      | Found a broken altar of Ashenzari.
  8494 | D:10     | Entered Level 10 of the Dungeon
  8498 | D:10     | Noticed Sonja
  8505 | D:10     | Killed Sonja
  8506 | D:10     | Reached XP level 11. HP: 44/67 MP: 11/11
  8709 | D:10     | Noticed Joseph
  8716 | D:10     | Noticed a two-headed ogre
  8726 | D:10     | Killed a two-headed ogre
  8729 | D:10     | Killed Joseph
  9164 | D:10     | Noticed Maurice
  9172 | D:10     | Killed Maurice
  9173 | D:10     | Reached skill level 5 in Evocations
  9228 | D:11     | Noticed a boulder beetle
  9475 | D:11     | Reached skill level 10 in Armour
  9487 | D:11     | Reached skill level 10 in Shields
  9490 | D:11     | Found a staircase to the Lair.
  9703 | D:11     | Reached skill level 5 in Dodging
  9840 | D:11     | Killed a boulder beetle
 10077 | D:11     | Reached XP level 12. HP: 73/73 MP: 12/12
 10093 | D:11     | Noticed a two-headed hydra
 10100 | D:11     | Killed a two-headed hydra
 10707 | D:11     | Bought a pair of embroidered boots for 277 gold pieces
 10707 | D:11     | Bought a faintly glowing cloak for 351 gold pieces
 10707 | D:11     | Identified the +0 cloak "Utaraur" {rElec Str+3 Int+2} (You
                  | bought it in a shop on level 11 of the Dungeon)
 10920 | D:12     | Noticed a two-headed ogre
 10929 | D:12     | Killed a two-headed ogre
 11183 | D:12     | Found a staircase to the Orcish Mines.
 11361 | D:12     | Noticed a two-headed ogre
 11367 | D:12     | Killed a two-headed ogre
 12024 | D:13     | Noticed a centaur warrior
 12098 | D:12     | HP: 2/75 [skeletal warrior/+0 long sword (17)]
 12135 | Lair:1   | Entered Level 1 of the Lair of Beasts
 12796 | Lair:1   | Reached XP level 13. HP: 72/80 MP: 13/13
 13283 | Lair:2   | You are sucked into a shaft and drop 2 floors!
 13411 | Lair:4   | HP: 4/80 [black mamba (12)]
 13445 | Lair:4   | HP: 4/80 [rime drake/icy flash freeze (10)]
 13560 | Lair:4   | Found a dark tunnel.
 13569 | Volcano  | Entered a volcano
 13755 | Volcano  | Noticed a fire dragon
 13781 | Volcano  | Killed a fire dragon
 13797 | Volcano  | Reached skill level 10 in Long Blades
 14844 | Lair:2   | Noticed Erica
 14851 | Lair:2   | Killed Erica
 15642 | Lair:3   | Found a staircase to the Snake Pit.
 16285 | Lair:3   | Gained mutation: Your large and strong wings let you fly.
                  | [Gargoyle growth]
 16285 | Lair:3   | Reached XP level 14. HP: 48/87 MP: 11/14
 16632 | Lair:3   | Found a staircase to the Swamp.
 16726 | Lair:5   | Entered Level 5 of the Lair of Beasts
 16765 | Lair:5   | Found a viscous altar of Jiyva.
 16765 | Lair:5   | Found a staircase to the Slime Pits.
 16774 | Lair:4   | Reached skill level 10 in Fighting
 18259 | Lair:5   | Found a large runed translucent door.
 18260 | Lair:5   | Found a large runed translucent door.
 19679 | Orc:1    | Entered Level 1 of the Orcish Mines
 19777 | Orc:1    | Found a frozen archway.
 19826 | IceCv    | Entered an ice cave
 19902 | IceCv    | Reached XP level 15. HP: 54/93 MP: 9/15
 20687 | IceCv    | Found the +4 skin of Zhor {*Englaciate rC+++ SInv}
 21023 | Orc:1    | Found a transporter.
 21273 | Orc:1    | Found a bloodstained altar of Trog.
 21318 | Orc:1    | Found a one-way gate to the infinite horrors of the Abyss.
 21318 | Orc:1    | Noticed p00ps00p's ghost (journeyman HOFi)
 21399 | Orc:1    | Found a transporter.
 21438 | Orc:1    | Noticed an orc warlord
 21586 | Orc:2    | Entered Level 2 of the Orcish Mines
 21609 | Orc:2    | Noticed Nessos
 21657 | Orc:1    | Killed Nessos
 21923 | Orc:2    | Found a staircase to the Elven Halls.
 22030 | Orc:2    | Found Gohogut's Distillery.
 22203 | Orc:2    | Bought a potion of might for 56 gold pieces
 22203 | Orc:2    | Bought a potion of haste for 140 gold pieces
 22203 | Orc:2    | Bought a potion of heal wounds for 70 gold pieces
 22203 | Orc:2    | Bought 2 potions of might for 112 gold pieces
 22203 | Orc:2    | Bought a potion of mutation for 112 gold pieces
 22203 | Orc:2    | Bought a potion of curing for 42 gold pieces
 23140 | Orc:2    | Found Plog's Distillery.
 23148 | Orc:2    | Found Fysos's Distillery.
 23154 | Orc:2    | Found Nuvueroi's Book Shop.
 23156 | Orc:2    | Found Liqehed's General Store.
 23165 | Orc:2    | Bought a scroll of teleportation for 48 gold pieces
 23165 | Orc:2    | Bought a scroll of teleportation for 48 gold pieces
 23165 | Orc:2    | Bought a potion of heal wounds for 80 gold pieces
 23513 | D:13     | Found a broken altar of Ashenzari.
 23862 | D:13     | Bought an amulet of regeneration for 420 gold pieces
 23885 | D:14     | Noticed Snorg
 23897 | D:14     | Killed Snorg
 23920 | D:14     | Noticed Azrael
 23968 | D:14     | Killed Azrael
 23985 | D:14     | Found a gate to the Vaults.
 24600 | D:14     | Reached skill level 15 in Armour
 24600 | D:14     | Reached XP level 16. HP: 65/100 MP: 16/16
 24702 | D:14     | Reached skill level 15 in Shields
 25404 | D:15     | Entered Level 15 of the Dungeon
 25744 | D:15     | Noticed Kirke
 25748 | D:15     | Noticed a sphinx
 25769 | D:15     | Slain by a sphinx

Illustrated notes

Levels and vault maps discovered:
D:1:      erik_arrival_blinker_ship, layout_basic,
          hellmonk_ecumenical_altar_inner_sanctum
D:2:      layout_basic
D:3:      layout_basic, nemelex_altar_shiori
D:4:      layout_loops_ring, elyvilon_altar_1, mainiacjoe_overflow_paths,
          minmay_temple_entry_drinking_statues, uniq_edmund
D:5:      layout_gridville, grunt_temple_overflow_open, gup_sewer_entry_bowl,
          st_stairs_12, uniq_pikel, uniq_crazy_yiuf_cottage, uniq_eustachio
D:6:      layout_loops_cross, kennysheep_cross_room, uniq_jeremiah, uniq_maggie,
          uniq_duvessa, uniq_blork_the_orc
D:7:      layout_rooms, grunt_tough_drop
D:8:      layout_loops_ring, serial_shops, shop
D:9:      layout_roguey, kennysheep_little_box, mainiacjoe_overflow_catwalk,
          marbit_many_paths, serial_shops, nicolae_shop_dealshenge
D:10:     layout_rooms, minmay_sticks_and_stones, uniq_maurice, uniq_sonja,
          uniq_joseph
D:11:     layout_cave_pools, minmay_lair_entry_grove, hangedman_ranch
D:12:     layout_basic, erik_orc_3, lightli_corner_chamber
D:13:     layout_rooms, ashenzari_conservatory_becter
D:14:     layout_basic, lightli_vaults_fourway_checkpoint, skrybe_limestone_x,
          uniq_azrael, uniq_snorg
D:15:     hellmonk_depths_entry_around_the_bend, layout_gridville,
          gammafunk_ghost_door_vault, uniq_kirke
Temple:   nicolae_temple_cloud_nine
Lair:1:   layout_concentric_octagons, st_stairs_13
Lair:2:   layout_cave_shapes, serial_bayou_shore_a, uniq_erica
Lair:3:   layout_regular_city, palyth_hydra_swamp_entry,
          guppyfry_snake_entry_island, cheibrodos_lair_caveside_slide,
          pdpol_lair_cavern_descent
Lair:4:   layout_regular_city, enter_volcano_1, infiniplex_staircase_pool,
          grunt_megastairs_3
Lair:5:   cheibrodos_lair_end_hotspot, layout_regular_city,
          minmay_slime_entry_pillars
Orc:1:    layout_diamond_mine, gammafunk_ghost_abyssal_escape,
          portal_ice_cave_entry_ice_simulacra, basic_altar
Orc:2:    st_orc_elflike, layout_diamond_mine, serial_shops, shop, uniq_nessos

Skill      XL: |  1  2  3  4  5  6  7  8  9 10 11 12 13 14 15 16 |
---------------+-------------------------------------------------+-----
Long Blades    | 2 3 4 6 7 8 9 10 11 12 | 12.8
Shields        | 4 5 6 7 9 10 11 12 13 14 15 | 15.3
Armour         | 4 5 6 7 9 10 11 12 13 15 | 15.3
Dodging        | 1 2 3 4 5 6 7 8 |  8.2
Fighting       | 4 5 6 7 8 9 10 11 | 11.6
Evocations     | 1 2 3 4 5 6 7 8 |  8.9

Action                     |  1- 3 |  4- 6 |  7- 9 | 10-12 | 13-15 | 16-18 || total
---------------------------+-------+-------+-------+-------+-------+-------++-------
  Melee: Long sword        |   120 |   114 |   454 |   264 |       |       ||   952
         Falchion          |       |       |       |   565 |   220 |       ||   785
         Scimitar          |       |       |       |       |  2069 |   184 ||  2253
 Invoke: Call Merchant     |       |       |       |     2 |     3 |       ||     5
  Evoke: Wand              |       |       |     8 |    18 |    25 |     1 ||    52
    Use: Scroll            |     9 |     7 |     5 |     5 |     7 |     1 ||    34
         Potion            |       |     1 |     2 |     5 |     5 |       ||    13
   Stab: Distracted        |       |       |       |    12 |    23 |     3 ||    38
         Invisible         |       |       |       |     1 |     5 |       ||     6
 Armour: Scale mail        |    18 |       |       |       |       |       ||    18
         Gold dragon scale |   156 |   112 |   624 |   849 |  1543 |   154 ||  3438
         Skin              |       |       |       |       |       |     9 ||     9
  Dodge: Dodged            |    27 |    16 |    93 |   193 |   560 |    37 ||   926
  Block: Buckler           |    27 |    25 |   181 |   313 |   442 |       ||   988
         Tower shield      |       |       |       |       |   874 |       ||   874
         Kite shield       |       |       |       |       |    36 |    99 ||   135
         Reflection        |       |       |       |       |       |    18 ||    18

Table legend: (Time is in decaauts)
 A = Elapsed time spent in this place.
 B = Non-inter-level travel time spent in this place.
 C = Inter-level travel time spent in this place.
 D = Time resting spent in this place.
 E = Time spent auto-exploring this place.
 F = Levels seen in this place.
 G = Mean time per level.
                   A        B        C        D        E       F      G
               +--------+--------+--------+--------+--------+-----+--------+
         Total |  25661 |  24794 |    867 |   2305 |  13970 |  26 |  987.0 |
       Dungeon |  14607 |  14122 |    485 |   1217 |   8580 |  15 |  973.8 |
        Temple |     15 |     10 |      5 |      0 |      0 |   1 |   15.0 |
          Lair |   6676 |   6397 |    279 |    784 |   3520 |   5 | 1335.2 |
  Orcish Mines |   2541 |   2444 |     97 |    194 |   1209 |   2 | 1270.5 |
         Sewer |    585 |    585 |      0 |      0 |    396 |   1 |  585.0 |
      Ice Cave |    971 |    971 |      0 |     33 |    264 |   1 |  971.0 |
       Volcano |    265 |    265 |      0 |     77 |      0 |   1 |  265.0 |
               +--------+--------+--------+--------+--------+-----+--------+

Top non-repeatable levels by time:
  Lair:5: 2014 daAuts
  Lair:4: 1988 daAuts
    D:11: 1664 daAuts
    D:14: 1560 daAuts
     D:8: 1551 daAuts
    D:12: 1420 daAuts
   Orc:2: 1390 daAuts
  Lair:3: 1347 daAuts
     D:6: 1154 daAuts
   Orc:1: 1150 daAuts
     D:5: 1075 daAuts
     D:9: 993 daAuts
   IceCv: 971 daAuts
    D:10: 851 daAuts
     D:1: 799 daAuts
